 Dungeon Crawl Stone Soup version 0.24-a0-381-g637bb3806f (webtiles) character file.

Game seed: 2611818781284586087

15521 Laiders72 the Bludgeoner (level 12, -3/106 HPs)
             Began as a Minotaur Berserker on June 1, 2019.
             Was a High Priest of Trog.
             Killed from afar by a war gargoyle (17 damage)
             ... with a spray of metal splinters
             ... on level 12 of the Dungeon on June 3, 2019.
             The game lasted 00:36:17 (12015 turns).

Laiders72 the Bludgeoner (Minotaur Berserker)      Turns: 12015, Time: 00:36:18

Health: -3/106     AC: 18    Str: 23    XL:     12   Next: 2%
Magic:  5/11       EV: 27    Int:  6    God:    Trog [*****.]
Gold:   796        SH:  0    Dex: 16    Spells: 11/11 levels left

rFire    + . .     SeeInvis +   J - +5 morningstar
rCold    + + +     Gourm    .   (no shield)
rNeg     . . .     Faith    .   i - +1 plate armour
rPois    .         Spirit   .   (helmet restricted)
rElec    +         Reflect  .   y - scarf {rC+ rF+}
rCorr    +         Harm     .   E - +0 pair of gloves
MR       ++...                  D - +0 pair of boots
Stlth    ..........             K - amulet of the acrobat
HPRegen  1.27/turn              x - ring of see invisible
MPRegen  0.12/turn              w - ring "Otwiddaguwk" {rElec rC++ rCorr Dex+4 Stlth+}

@: acrobat, regenerating
A: retaliatory headbutt, horns 2
a: Berserk, Trog's Hand, Brothers in Arms, Renounce Religion


You were on level 12 of the Dungeon.
You worshipped Trog.
Trog was extremely pleased with you.
You were near starving.

You visited 1 branch of the dungeon, and saw 12 of its levels.

You collected 796 gold pieces.

Inventory:

Hand Weapons
 C - the +5 battleaxe "Geoxke Ubla" {antimagic, rC+, unknown}
   (Trog gifted it to you on level 12 of the Dungeon)

   It reduces the magical energy of the wielder, and disrupts the spells and
   magical abilities of those hit.
   Natural abilities and divine invocations are not affected.
   It protects you from cold.
 J - a +5 morningstar (weapon)
Missiles
 f - 2 throwing nets (quivered)
 n - 18 boomerangs
Armour
 i - a +1 plate armour (worn)
 y - a scarf of resistance (worn)
 D - a +0 pair of boots (worn)
 E - a +0 pair of gloves (worn)
Jewellery
 w - the ring "Otwiddaguwk" (right hand) {rElec rC++ rCorr Dex+4 Stlth+}
   (You found it on level 6 of the Dungeon)

   [ring of resist corrosion]

   It affects your dexterity (+4).
   It greatly protects you from cold.
   It insulates you from electricity.
   It provides partial protection from all sources of acid and corrosion.
   It makes you more stealthy.
 x - a ring of see invisible (left hand)
 K - an amulet of the acrobat (around neck)
Wands
 e - a wand of paralysis (10)
 I - a wand of polymorph (16)
Scrolls
 a - 2 scrolls of immolation
 b - 2 scrolls of enchant armour
 h - 2 scrolls of identify
 l - 7 scrolls of teleportation
 o - a scroll of enchant weapon
 r - 4 scrolls of remove curse
 s - a scroll of blinking
 t - 4 scrolls of fog
Potions
 d - 3 potions of flight
 g - a potion of berserk rage
 j - a potion of haste
 m - a potion of agility
 p - 3 potions of lignification
 q - a potion of invisibility {unknown}
 u - 4 potions of curing
 v - a potion of brilliance {unknown}
 z - a potion of might {unknown}
 A - a potion of degeneration {unknown}
 B - 2 potions of heal wounds
 F - 2 potions of cancellation
 G - a potion of mutation {unknown}
Comestibles
 c - 25 rations


   Skills:
 - Level 10.2 Fighting
 * Level 15.8 Maces & Flails
 - Level 10.0 Armour
 + Level 9.5 Dodging


You had 11 spell levels left.
You didn't know any spells.
Your spell library was empty.

Dungeon Overview and Level Annotations

Branches:
Dungeon (12/15)            Temple (0/1) D:7            Lair (0/6) D:10
    Orc (0/2) D:12

Altars:
Cheibriados
Dithmenos
Elyvilon
Fedhas
Gozag
Vehumet
Xom
The Shining One
Beogh

Shops:
D:7 (


Innate Abilities, Weirdness & Mutations

You reflexively headbutt those who attack you in melee.
You have a pair of horns on your head.


Message History

The orc wizard mumbles some strange words.
The orc wizard blinks!
The deep elf mage casts a spell.
The deep elf mage blinks!
The unseen horror hits you.
You puncture the unseen horror!
You kill the unseen horror!
Trog accepts your kill.
Your life force feels restored.
You have reached level 12!
Your experience leads to an increase in your attributes!
Your base attributes are Str 22, Int 6, Dex 11.
Increase (S)trength, (I)ntelligence, or (D)exterity?
You feel agile.
You feel stronger.
The war gargoyle launches metal splinters at you.
The spray of metal splinters hits you!!
* * * LOW HITPOINT WARNING * * *
You are no longer corroded.
The war gargoyle launches metal splinters at you.
The spray of metal splinters hits you!
You die...

........### #.#
........# #.#
........# #.#
........# #H#
#..#########. #.#
#..######... #.#
#.........# #9#
..........# #.#
##..._....# #@#
##......#<# #.#
..........# #.#
......##########.#
...............#.#
#####..#######.#.#
# #..# #.#.# #
###..## #.#.#
#.....# #.#.#


You could see a war gargoyle and a hippogriff.

Vanquished Creatures
  2 two-headed ogres
  2 unseen horrors
  Pikel (D:6)
  5 ugly things
  A deep elf mage (D:12)
  A manticore (D:12)
  A centaur skeleton (D:11)
  A freezing wraith (D:11)
  A troll (D:11)
  Prince Ribbit (D:9)
  6 hippogriffs
  A vampire (D:7)
  9 yaks
  A wyvern (D:12)
  A hungry ghost (D:9)
  Edmund (D:5)
  2 water moccasins (D:7)
  A sky beast (D:6)
  A black bear (D:11)
  7 orc warriors
  A phantom (D:11)
  4 ice beasts
  6 ogres
  3 wolves (D:10)
  2 centaurs
  3 big kobolds
  5 bullfrogs
  A wyvern skeleton (D:11)
  A scorpion (D:4)
  13 wights
  6 howler monkeys
  2 electric eels (D:10)
  5 crimson imps
  A centaur zombie (D:6)
  A bullfrog zombie (D:9)
  8 jellies
  15 orc wizards
  5 hounds
  15 orc priests
  A bullfrog skeleton (D:4)
  2 iguanas
  8 worker ants
  A killer bee zombie (D:9)
  A hound skeleton (D:11)
  10 gnolls
  8 adders
  A white imp (D:10)
  5 oozes (D:8)
  An adder zombie (D:7)
  An adder skeleton (D:9)
  2 dart slugs (D:2)
  13 leopard geckos
  53 orcs
  6 giant cockroaches
  8 goblins
  9 hobgoblins
  17 jackals
  13 kobolds
  2 quokkas
  A ball python (D:2)
  9 bats
  8 frilled lizards
  A jackal skeleton (D:4)
  A leopard gecko zombie (D:8)
  11 rats
336 creatures vanquished.

Vanquished Creatures (collateral kills)
  2 orc warriors (D:12)
  A jelly (D:12)
  11 orcs (D:12)
14 creatures vanquished.

Vanquished Creatures (others)
  2 white imps (D:10)
  A leopard gecko (D:6)
3 creatures vanquished.

Grand Total: 353 creatures vanquished

Notes
Turn   | Place    | Note
-------+----------+-------------------------------------------
     0 | D:1      | Laiders72 the Minotaur Berserker began the quest for the
                  | Orb.
     0 | D:1      | Reached XP level 1. HP: 19/19 MP: 0/0
   143 | D:1      | Reached skill level 4 in Maces & Flails
   168 | D:1      | Reached XP level 2. HP: 20/27 MP: 1/1
   477 | D:1      | Reached XP level 3. HP: 33/33 MP: 2/2
   880 | D:2      | Reached ** piety under Trog
   896 | D:2      | Reached skill level 5 in Maces & Flails
  1047 | D:2      | Found a blossoming altar of Fedhas.
  1159 | D:2      | Reached XP level 4. HP: 38/41 MP: 3/3
  1890 | D:3      | Reached *** piety under Trog
  1890 | D:3      | Reached skill level 6 in Maces & Flails
  1893 | D:3      | Reached XP level 5. HP: 41/47 MP: 4/4
  1943 | D:3      | Found an opulent altar of Gozag.
  1943 | D:3      | Found a faded altar of an unknown god.
  1951 | D:3      | Found a white marble altar of Elyvilon.
  1954 | D:3      | Found a shimmering altar of Xom.
  1955 | D:3      | Reached skill level 5 in Fighting
  1957 | D:3      | Found a shadowy altar of Dithmenos.
  1976 | D:3      | You fall into a shaft and drop 1 floor!
  2200 | D:4      | Reached skill level 7 in Maces & Flails
  2252 | D:4      | Reached XP level 6. HP: 39/56 MP: 5/5
  2552 | D:4      | Found a blossoming altar of Fedhas.
  2952 | D:3      | Reached skill level 8 in Maces & Flails
  3412 | D:5      | Entered Level 5 of the Dungeon
  3449 | D:5      | Reached XP level 7. HP: 28/64 MP: 6/6
  3713 | D:5      | You fall into a shaft and drop 1 floor!
  3723 | D:6      | Reached **** piety under Trog
  4049 | D:5      | Noticed Edmund
  4062 | D:5      | Killed Edmund
  4062 | D:5      | Reached skill level 9 in Maces & Flails
  5039 | D:6      | Reached XP level 8. HP: 71/73 MP: 7/7
  5081 | D:6      | Got a translucent bronze ring
  5143 | D:6      | Noticed Pikel
  5152 | D:6      | Killed Pikel
  5152 | D:6      | Reached skill level 11 in Maces & Flails
  5299 | D:6      | Identified the +7 dagger "Hydra's Demise" {speed, rElec
                  | Stlth+}
  5321 | D:6      | HP: 2/75 [something/puff of frost (3)]
  6088 | D:7      | Reached XP level 9. HP: 68/82 MP: 8/8
  6101 | D:7      | Reached skill level 12 in Maces & Flails
  6228 | D:7      | Found a snail-covered altar of Cheibriados.
  6249 | D:7      | Identified the ring "Otwiddaguwk" {rElec rC++ rCorr Dex+4
                  | Stlth+} (You found it on level 6 of the Dungeon)
  6394 | D:7      | Found Vosuthraff's Antique Weapon Shop.
  6592 | D:7      | Noticed an unseen horror
  6593 | D:7      | Found a radiant altar of Vehumet.
  6601 | D:7      | Found a transporter.
  6631 | D:7      | Found a staircase to the Ecumenical Temple.
  6799 | D:7      | Found a transporter.
  7038 | D:7      | Killed an unseen horror
  7038 | D:7      | Reached skill level 10 in Fighting
  7038 | D:7      | Reached skill level 13 in Maces & Flails
  7344 | D:8      | Reached skill level 14 in Maces & Flails
  7395 | D:8      | Reached ***** piety under Trog
  7660 | D:8      | Reached XP level 10. HP: 87/93 MP: 9/9
  8179 | D:9      | Noticed Prince Ribbit
  8185 | D:9      | Killed Prince Ribbit
  8409 | D:9      | Reached skill level 5 in Armour
  8610 | D:9      | Reached skill level 5 in Dodging
  8832 | D:10     | Entered Level 10 of the Dungeon
  9310 | D:10     | Found a staircase to the Lair.
  9472 | D:10     | Noticed a brown ugly thing
  9479 | D:10     | Killed a brown ugly thing
  9645 | D:10     | Reached XP level 11. HP: 89/100 MP: 10/10
  9863 | D:11     | Noticed a two-headed ogre
  9870 | D:11     | Killed a two-headed ogre
  9922 | D:11     | Received a gift from Trog
  9935 | D:11     | Noticed a brown ugly thing
  9943 | D:11     | Killed a brown ugly thing
 10373 | D:11     | Noticed a green ugly thing
 10384 | D:11     | Killed a green ugly thing
 10433 | D:11     | Noticed a red ugly thing
 10444 | D:11     | Killed a red ugly thing
 10971 | D:11     | Reached skill level 15 in Maces & Flails
 11385 | D:12     | Found a glowing golden altar of the Shining One.
 11430 | D:12     | Found a roughly hewn altar of Beogh.
 11430 | D:12     | Found a staircase to the Orcish Mines.
 11593 | D:12     | Received a gift from Trog
 11606 | D:12     | Got a shimmering battleaxe {god gift}
 11617 | D:12     | Upgraded the game from 0.24-a0-378-g94936e539c to
                  | 0.24-a0-381-g637bb3806f
 11973 | D:12     | Identified the +8 arbalest "Plog" {freeze, rC+}
 11974 | D:12     | Noticed a two-headed ogre
 11978 | D:12     | Noticed a deep elf mage
 11979 | D:12     | Noticed a deep elf mage
 11980 | D:12     | Noticed an unseen horror
 11981 | D:12     | Noticed a brown ugly thing
 11982 | D:12     | Killed a two-headed ogre
 11982 | D:12     | Reached skill level 10 in Armour
 11988 | D:12     | Noticed a war gargoyle
 11994 | D:12     | Killed a brown ugly thing
 11997 | D:12     | Killed a deep elf mage
 12011 | D:12     | Killed an unseen horror
 12011 | D:12     | Reached XP level 12. HP: 36/106 MP: 5/11
 12015 | D:12     | Killed from afar by a war gargoyle

Levels and vault maps discovered:
D:1:      erik_arrival_cave_to_civilisation [erik_arrival_cave_to_hall],
          layout_basic
D:2:      layout_rooms, first_ration, fedhas_ov_isle_minmay
D:3:      layout_basic, chequers_temple_overflow_minitemple
D:4:      layout_cave_pools, old_standard_altar
D:5:      layout_layer_cave, uniq_edmund
D:6:      layout_loops_cross, st_stairs_5, serial_bayou_crossing, uniq_pikel
D:7:      layout_loops_cross, gammafunk_temple_overflow_arena,
          minmay_temple_entry_ruins, serial_shops, shop, cheibriados_altar_1
D:8:      layout_cave_pools, hangedman_little_slice_of_home
D:9:      layout_roguey, uniq_prince_ribbit1
D:10:     layout_loops_cross, lair_entry_dummy, serial_ice, serial_ice_f,
          serial_ice_b, serial_ice_c, serial_ice_d, serial_ice_m, serial_ice_i,
          serial_ice_e, abandoned_shop
D:11:     layout_roguey
D:12:     hourglass_vault, layout_loops_ring, david_orc_5, basic_altar

Skill      XL: |  1  2  3  4  5  6  7  8  9 10 11 |
---------------+----------------------------------+-----
Maces & Flails | 4 5 6 7 8 9 11 14 15 | 15.8
Fighting       | 4 5 6 7 8 10 | 10.2
Armour         | 8 10 | 10.0
Dodging        | 7 9 |  9.5

Action                   |  1- 3 |  4- 6 |  7- 9 | 10-12 || total
-------------------------+-------+-------+-------+-------++-------
Melee: Mace              |    89 |   207 |       |       ||   296
       Headbutt          |    12 |    22 |    37 |    80 ||   151
       Flail             |       |     5 |   215 |   200 ||   420
       Morningstar       |       |       |       |   184 ||   184
Invok: Berserk           |       |     3 |     4 |     2 ||     9
       Trog's Hand       |       |     1 |     1 |     2 ||     4
       Brothers in Arms  |       |       |     1 |     2 ||     3
  Use: Scroll            |       |     5 |     3 |    14 ||    22
       Potion            |       |       |     1 |       ||     1
  Eat: Chunk             |       |    11 |    15 |    17 ||    43
       Ration            |       |       |     1 |       ||     1
Armor: Ring mail         |     5 |       |       |       ||     5
       Animal skin       |     1 |       |       |       ||     1
       Plate armour      |    50 |   139 |   134 |   213 ||   536
Dodge: Dodged            |    54 |    69 |    73 |   213 ||   409

Table legend:
 A = Non-vault XP
 B = Vault XP
 C = Vault XP percentage of total XP
 D = Non-vault monster count
 E = Vault monster count
 F = Vault count percentage of total count
                 A         B        C        D         E       F
            +---------+---------+-------+---------+---------+-------
      Total |   16654 |    5519 |  24.9 |     296 |      55 |  15.7
            +---------+---------+-------+---------+---------+-------
        D:1 |      38 |       4 |   9.5 |      24 |       2 |   7.7
        D:2 |      94 |       0 |   0.0 |      31 |       0 |   0.0
        D:3 |     151 |       0 |   0.0 |      33 |       0 |   0.0
        D:4 |     420 |       0 |   0.0 |      18 |       0 |   0.0
        D:5 |     348 |     164 |  32.0 |       9 |       1 |  10.0
        D:6 |     809 |     768 |  48.7 |      30 |       2 |   6.2
        D:7 |    1136 |    1121 |  49.7 |      21 |       4 |  16.0
        D:8 |     569 |     156 |  21.5 |      21 |       8 |  27.6
        D:9 |    1935 |     264 |  12.0 |      36 |       1 |   2.7
       D:10 |    2191 |    1374 |  38.5 |      21 |      11 |  34.4
       D:11 |    6299 |       0 |   0.0 |      32 |       0 |   0.0
       D:12 |    2664 |    1668 |  38.5 |      20 |      26 |  56.5
            +---------+---------+-------+---------+---------+-------
